Unix NetHack Version 3.7.0-101 Work-in-progress - last build Mar 25 2024 11:18:41 (462964f8eaac915e699fc3a71b43428251fec12b,branch:master). Game began 2024-03-29 09:15:05, ended 2024-03-29 09:26:52. elenmirie, neutral female gnomish Archeologist -------+---- |..........| ----- |..........-## |.`.| |..{.......| # -..i@## |..........-############0 |...| ### ------.----- # #0.>.d| # # # ##|...| ## ---------- ## # ####----- #%##..**.h..>| # ## ## |........| # # ## ## |..`.....| --|-|- # ###### |........| |..e.| # # # |........| |....+ ### # # ---------- |....| ######### # # |<{..- ----.-# --|-.----# ### ------ .....|# |.......|# |...:.# |........# ------ --------- Elenmirie the Field Worker St:10 Dx:10 Co:10 In:17 Wi:18 Ch:11 Neutral Dlvl:4 $:57 HP:0(36) Pw:23(23) AC:6 Xp:4/88 T:1644 Burdened Latest messages: You swap places with Yermak. You see here a statue of a hobbit. You miss the iguana. The iguana bites! You lash the iguana. You lash the iguana. You kill the iguana! You see here an iguana corpse. Yermak picks up a worthless piece of white glass. Yermak drops a worthless piece of white glass. You fall down the stairs. You miss the imp. The imp hits! You miss the imp. The imp hits! You miss the imp. You lash the imp. Suddenly, the fox falls through a trap door. The imp hits! You climb up the stairs. The imp hits! You miss the imp. You miss the imp. The imp hits! The newt bites! The imp hits! Yermak misses the imp. Yermak misses the imp. You miss the imp. The imp hits! Yermak misses the newt. You lash the imp. The imp hits! Yermak misses the newt. Yermak misses the newt. You lash the imp. The imp hits! Yermak bites the newt. The newt is killed! You miss the imp. You lash the imp. The imp hits! You miss the imp. The imp hits! You die... Do you want your possessions identified? [ynq] (y) y Do you want to see your attributes? [ynq] (y) y Do you want an account of creatures vanquished? [ynaq] (y) y Do you want to see your conduct and achievements? [ynq] (y) y Do you want to see the dungeon overview? [ynq] (y) y Inventory: Coins $ - 57 gold pieces Amulets D - a cursed amulet of change Weapons a - an uncursed +2 bullwhip (weapon in right hand) n - an uncursed +0 katana Armor c - an uncursed +0 fedora (being worn) p - an uncursed +2 pair of speed boots (being worn) b - an uncursed +0 leather jacket (being worn) Comestibles d - 3 uncursed food rations L - an uncursed lembas wafer Rings k - an uncursed ring of slow digestion Wands J - an uncursed wand of light (0:14) v - an uncursed wand of speed monster (0:6) Tools w - an uncursed sack containing 17 items e - an uncursed +0 pick-axe (alternate weapon; not wielded) q - an uncursed skeleton key E - an uncursed tin whistle t - an uncursed tinning kit (0:63) Gems/Stones G - an uncursed agate stone g - an uncursed touchstone Contents of the sack: an uncursed scroll of blank paper a cursed scroll of confuse monster an uncursed scroll of create monster an uncursed scroll of food detection an uncursed scroll of light an uncursed scroll of scare monster an uncursed scroll of scare monster an uncursed spellbook of confuse monster an uncursed spellbook of create familiar an uncursed spellbook of extra healing an uncursed spellbook of magic missile an uncursed potion of fruit juice an uncursed potion of gain energy a blessed potion of healing 2 uncursed potions of healing an uncursed potion of levitation a cursed potion of monster detection Elenmirie the Archeologist's attributes: Background: You were a Field Worker, a level 4 female gnomish Archeologist. You were neutral, nominally on a mission for Camaxtli who was opposed by Quetzalcoatl (lawful) and Huhetotl (chaotic). You were right-handed. You were in the Dungeons of Doom, on level 4. You entered the dungeon 1644 turns ago. You had 88 experience points, 72 more were needed to attain level 5. Basics: You had 0 out of 36 hit points. You had all 23 energy points (spell power). Your armor class was 6. Your wallet contained 57 zorkmids. Autopickup was on for '$' plus thrown. Final Characteristics: Your strength was 10 (limit:18/50). Your dexterity was 10 (limit:18). Your constitution was 10 (limit:18). Your intelligence was 17 (limit:19). Your wisdom was 18 (limit:18). Your charisma was 11 (limit:18). Final Status: You weren't hungry. You were burdened; movement was slightly slowed. You were wielding a whip. You had basic skill with whip. Final Attributes: You were devoutly aligned. You had automatic searching. You had infravision. You were very fast. You are dead. Miscellaneous: You never encountered a bones level. Total elapsed playing time was 11 minutes and 47 seconds. Major events: Turn 1: elenmirie the neutral female gnomish Archeologist entered the dungeon 1036: attained the rank of Field Worker (level 3) 1631: entered the Gnomish Mines 1644: killed by an imp Vanquished creatures: a werejackal an iguana a coyote a gas spore a large kobold a giant rat a brown mold a yellow mold 2 geckos 8 jackals a kobold 3 goblins 4 grid bugs 4 lichens 2 kobold zombies 3 newts 35 creatures vanquished. No species were genocided or became extinct. Voluntary challenges: You were an atheist. You read items or engraved 5 times. You never engraved Elbereth. You never genocided any monsters. You never polymorphed an object. You never changed form. You used no wishes. Achievements: You attained the rank of Field Worker. You entered the Gnomish Mines. The Dungeons of Doom: levels 1 to 5 Level 1: Some fountains. Level 2: A fountain, a grave. Level 3: Some fountains. Level 4: <- You were here. A fountain, a sink. Stairs down to The Gnomish Mines. Final resting place for you, killed by an imp. Level 5: The Gnomish Mines: Level 5: Game over: ---------- / \ / REST \ / IN \ / PEACE \ / \ | elenmirie | | 57 Au | | killed by an imp | | | | | | | | 2024 | *| * * * | * _________)/\\_//(\/(/\)/\//\/|_)_______ Goodbye elenmirie the Archeologist... You died in The Dungeons of Doom on dungeon level 4 with 614 points, and 57 pieces of gold, after 1644 moves. You were level 4 with a maximum of 36 hit points when you died.